 Dungeon Crawl Stone Soup version 0.30-a0-723-gc1506a1cf0 (webtiles) character file.

Game seed: 9683917292613178033

1928837 Laraso the Intangible (level 27, 239/248 HPs)
             Began as a Djinni Hedge Wizard on Jan 28, 2023.
             Was the Champion of Hepliaklqana.
             Escaped with the Orb
             ... and 3 runes on Jan 29, 2023!
             The game lasted 02:21:52 (52409 turns).

Laraso the Intangible (Djinni Hedge Wizard)        Turns: 52409, Time: 02:21:53

Health: 239/248    AC: 33    Str: 13    XL:     27
Gold:   4341       EV: 40    Int: 25    God:    Hepliaklqana [******] SH:  0 Dex: 27

rFire   + + +      SeeInvis .    a - +12 pair of quick blades "Gyre" and "Gimble" {protect}
rCold   . . .      Faith    .    (shield currently unavailable)
rNeg    + . .      Spirit   .    (body armour currently unavailable)
rPois   ∞          Reflect  .    Z - +1 helmet of the Meadowlark {Int+6}
rElec   +          Harm     .    S - scarf {repulsion}
rCorr   .          Rampage  .    (gloves currently unavailable)
Will    ++...                    (boots unavailable)
Stlth   ++                       w - amulet of regeneration
HPRegen 1.41/turn                v - +4 ring of slaying
MPRegen 0.00/turn                M - ring "Rysch" {rF+ rC+ Str+5}

@: statue-form, flying, studying Unarmed Combat, repel missiles, very slow
A: slow and powerful, torment resistance 1, flying, boosted hp, reduced essence,
sickness immunity, fire resistance 2, cold vulnerability 1, float, innate
caster, HP casting, extra vitality 1, agile 1
0: Orb of Zot
}: 3/15 runes: barnacled, silver, gossamer
a: End Transformation, Renounce Religion, Recall Ancestor, Ancestor Identity,
Transference, Idealise


You escaped.
You worshipped Hepliaklqana.
Hepliaklqana was exalted by your worship.
You were a living statue of rough stone.
You visited 8 branches of the dungeon, and saw 44 of its levels.
You also visited: Wizlab.

You collected 7575 gold pieces.
You spent 3234 gold pieces at shops.

Inventory:

Hand Weapons
 a - the +12 pair of quick blades "Gyre" and "Gimble" (weapon) {protect}
   (You found it on level 11 of the Dungeon)
 b - a +6 demon blade of chaos
 c - a +0 vampiric dagger
 d - a +1 antimagic great sword
Missiles
 G - 6 throwing nets
Armour
 x - a +2 pair of gloves (melded)
 A - a +4 troll leather armour (melded)
 B - the +4 dragonskin cloak
   (You took it off Tiamat on level 4 of the Depths)

   Avatar's Aegis: It grants the wearer a chance to resist fire, cold, poison,
   electricity, acid, and negative energy.
 S - a scarf of repulsion (worn)
 Z - the +1 helmet of the Meadowlark (worn) {Int+6}
   (You found it on level 10 of the Dungeon)

   Int:       It affects your intelligence (+6).
Jewellery
 s - the ring "Wuxzitwa" {+Blink rElec rC+ Int+2}
   (You found it on level 9 of the Dungeon)

   [ring of protection from cold]

   Int:       It affects your intelligence (+2).
   rC:        It protects you from cold.
   rElec:     It insulates you from electricity.
   +Blink:    It lets you blink.
 v - a +4 ring of slaying (left fist)
 w - an amulet of regeneration (around neck)
 K - the ring "Gonywe Gonk" {*Corrode rPois EV+5 Dex+2}
   (You found it on level 12 of the Dungeon)

   [ring of evasion]

   EV:        It affects your evasion (+5).
   Dex:       It affects your dexterity (+2).
   rPois:     It protects you from poison.
   *Corrode:  It may corrode you when you take damage.
 M - the ring "Rysch" (right fist) {rF+ rC+ Str+5}
   (You bought it in a shop on level 4 of the Depths)

   [ring of protection from cold]

   Str:       It affects your strength (+5).
   rF:        It protects you from fire.
   rC:        It protects you from cold.
 Q - the ring "Virisith" {rCorr Int+3}
   (You found it on level 2 of the Lair of Beasts)

   [ring of resist corrosion]

   Int:       It affects your intelligence (+3).
   rCorr:     It protects you from acid and corrosion.
 U - the amulet of the Open Hand {rElec Regen+ Int+5 Dex-4 SInv}
   (You found it on level 1 of the Vaults)

   [amulet of regeneration]

   Int:       It affects your intelligence (+5).
   Dex:       It affects your dexterity (-4).
   rElec:     It insulates you from electricity.
   SInv:      It lets you see invisible.
   Regen:     It increases your rate of health regeneration.
 X - a ring of see invisible
Wands
 m - a wand of digging (4)
 t - a wand of paralysis (26)
 y - a wand of flame (75)
 E - a wand of iceblast (44)
 I - a wand of light (18)
 J - a wand of mindburst (44)
 V - a wand of polymorph (8)
Scrolls
 l - 4 scrolls of teleportation
 C - 6 scrolls of fog
 F - 21 scrolls of identify
 O - 4 scrolls of enchant armour
 R - 5 scrolls of poison
 T - 5 scrolls of fear
 W - a scroll of blinking
 Y - 3 scrolls of summoning
Potions
 e - 30 potions of curing
 g - 15 potions of lignification
 h - 4 potions of heal wounds
 i - 8 potions of degeneration
 k - 14 potions of mutation
 n - 8 potions of cancellation
 o - 8 potions of attraction
 q - 13 potions of might
 r - 12 potions of invisibility
 u - 2 potions of resistance
 z - 3 potions of brilliance
 D - 9 potions of berserk rage
 H - 6 potions of ambrosia
 L - 4 potions of haste
Miscellaneous
 f - a phantom mirror
 P - a lightning rod (4/4)


   Skills:
 * Level 22.8 Fighting
 - Level 6.0(10.5) Short Blades
 - Level 13.4(14.0) Long Blades
 - Level 6.0 Armour
 O Level 27 Dodging
 - Level 12.0 Stealth
 - Level 20.0 Spellcasting
 - Level 14.0 Invocations
 - Level 8.0 Evocations


You couldn't memorise any spells.
You knew the following spells:

 Your Spells              Type           Power      Damage    Failure   Level
a - Magic Dart            Conj           100%       1d8       0%          1
b - Slow                  Hex            100%       N/A       0%          1
c - Blink                 Tloc           100%       N/A       0%          2
d - Call Imp              Summ           90%        N/A       0%          2
e - Mephitic Cloud        Conj/Pois/Air  90%        N/A       0%          3
f - Agony                 Necr           90%        N/A       0%          5
g - Ensorcelled Hibernat  Hex/Ice        100%       N/A       0%          2
h - Summon Guardian Gole  Hex/Summ       90%        N/A       0%          3
i - Inner Flame           Hex/Fire       90%        N/A       0%          3
j - Necrotise             Necr           100%       1d9       0%          1
k - Polar Vortex          Ice            45%        N/A       43%         9
q - Death Channel         Necr           45%        N/A       1%          6
r - Statue Form           Tmut/Erth      60%        N/A       1%          6
t - Alistair's Intoxicat  Tmut/Pois      60%        N/A       0%          5
v - Conjure Ball Lightni  Conj/Air       45%        3x3d16    1%          6
w - Summon Hydra          Summ           45%        N/A       1%          7
x - Disjunction           Tloc           45%        N/A       3%          8
z - Necromutation         Tmut/Necr      45%        N/A       3%          8
Your spell library was empty.

Dungeon Overview and Level Annotations

Branches:
Dungeon (15/15)            Temple (0/1) D:7            Lair (5/5) D:11
 Shoals (4/4) Lair:2       Spider (4/4) Lair:3        Slime (0/5) Lair:4
    Orc (2/2) D:11            Elf (0/3) Orc:2        Vaults (5/5) D:14
  Crypt (0/3) Vaults:2     Depths (4/4) D:15            Zot (5/5) Depths:4
 WizLab (visited)

Altars:
Ashenzari
Cheibriados
Elyvilon
Hepliaklqana
Makhleb
Nemelex Xobeh
Qazlal
Ru
Uskayaw
Wu Jian
Xom
Yredelemnul
Zin
Jiyva

Shops:
D:6 *   D:8 (   Orc:1 (   Orc:2 [[(!=[   Shoals:1 !   Vaults:3 (   Depths:4 ==

Portals:
Hell: Depths:1 Depths:2 Depths:3 Depths:4
Abyss: Depths:2 Depths:3
Pandemonium: Depths:2 Depths:3 Depths:4
Ziggurat: Depths:3

Annotations:
Depths:3 1 runed translucent door, Legacy's ghost, veteran MiBe
Zot:2 3 runed translucent doors, exclusion: 3 doors, Ofiett's ghost, veteran TrCK


Innate Abilities, Weirdness & Mutations

You are a living statue of rough stone.
Your actions are slow, but your melee attacks are powerful.
You are resistant to unholy torment.
You are flying.
Your maximum health is greatly increased.
Your equipment is partially melded.
Your life essence is reduced to manifest your ancestor. (-10% HP)
You are immune to sickness and miasma.
You are immune to poison.
Your flesh is very heat resistant. (rF++)
You are vulnerable to cold. (rC-)
You float through the air rather than walking.
You learn spells naturally, not from books.
Your magical power is your life essence.
You have superior vitality. (+4 MHP)
You are agile. (Dex +4, Str/Int -1)


Message History

The crystal spear hits the small abomination!!!
The small abomination is destroyed!
The large abomination misses Jane.
Jane hits the large abomination but does no damage.
A shadow demon comes into view.
You swap places.
Jane casts a spell at the large abomination.
The crystal spear hits the large abomination!!!
The large abomination completely misses you.
Jane casts a spell.
Jane seems to speed up.
The large abomination completely misses you.
You hit the large abomination. You puncture the large abomination!
You destroy the large abomination!
Jane points at the shadow demon and mumbles some strange words.
The crystal spear hits the shadow demon!!!
Jane casts a spell at the shadow demon.
The crystal spear hits the shadow demon!!
The shadow demon dies!
You swap places.
There is a staircase leading out of the dungeon here.
You revert to your normal fleshy form.
Your +2 pair of gloves unmelds from your body.
Your +4 troll leather armour unmelds from your body.
Okay, then.
Casting: Statue Form (mildly dangerous; 1% risk of failure)
Confirm with . or Enter, or press ? or * to list all spells.
Your body is suffused with negative energy!
Okay, then.
Casting: Necromutation (dangerous; 3% risk of failure)
Confirm with . or Enter, or press ? or * to list all spells.
Your undead flesh cannot be transformed.
You feel yourself come back to life.
Casting: Statue Form (mildly dangerous; 1% risk of failure)
Confirm with . or Enter, or press ? or * to list all spells.
You turn into a living statue of rough stone.
Your +2 pair of gloves melds into your body.
Your +4 troll leather armour melds into your body.
You can't go down here!
You have escaped!

.#.##########..........#.........
.#.#....# ############.........
...#.##.# ######8#######.........
...#.##.# #...........#.....>....
#..#.##.# #............#####.....
........# #..8.....8..## #.....
###..#..###...........# #.....
.....#...##...........#### ###'##
.....#....+.....8R....'..####....
........###...........##.........
..).)#..# #...........#####......
.....#.÷# #..8.....8..# #...###
.....#..# #...........# #...#
.....#..# #...........#####.###
.....#..########8#######....#
.....#...###############.####
####.#...................######


You could see the friendly Jane the battlemage (fast).

Vanquished Creatures
  A dread lich (Zot:5)
  An orb of fire (Zot:5)
  2 ancient liches (Vaults:5)
  3 Killer Klowns
  Saint Roka (Depths:1)
  4 caustic shrikes (Depths:3)
  6 golden dragons
  Arachne (Spider:3)
  2 bone dragons
  A Brimstone Fiend (D:15)
  An electric golem (Zot:5)
  A hellephant (Depths:4)
  11 tentacled monstrosities
  3 walking earthen tomes
  13 Orb Guardians
  2 walking crystal tomes
  3 deep elf master archers (WizLab)
  2 liches (Depths:2)
  9 titans
  7 quicksilver dragons
  2 walking frostbound tomes (Depths:2)
  A kraken (Shoals:2)
  An Executioner (D:1)
  4 sphinxes
  5 death cobs
  2 thorn hunters (WizLab)
  6 tengu reavers
  5 shadow dragons
  8 draconian monks
  8 fire giants
  5 draconian knights
  Ilsuiw (Shoals:2)
  12 storm dragons
  A fenstrider witch (WizLab)
  4 emperor scorpions
  10 vault wardens
  7 draconian scorchers
  5 draconian stormcallers
  5 draconian shifters
  A balrug (D:6)
  A ghost moth (Lair:3)
  A juggernaut zombie (Depths:2)
  3 frost giants
  Louise (Shoals:3)
  14 very ugly things
  4 orc warlords
  A cacodemon (Zot:3)
  2 war gargoyles
  4 draconian annihilators
  2 spriggan defenders (Depths:4)
  2 broodmothers (Spider:4)
  5 black draconians
  6 ironbound thunderhulks
  21 ironbound preservers
  An eleionoma (WizLab)
  6 vampire knights
  9 stone giants
  12 red draconians
  7 green draconians
  11 dire elephants
  8 spark wasps
  9 white draconians
  10 yellow draconians
  11 purple draconians
  8 ettins
  An eidolon (Vaults:2)
  A crystal guardian (Vaults:3)
  11 merfolk impalers
  A deep elf high priest (Vaults:5)
  24 slime creatures
  The ghost of yumyumyeen the Carver, a journeyman DsFi of Uskayaw (D:12)
  4 great orbs of eyes
  6 fire dragons
  The ghost of Frost42 the Protected, a journeyman MiFi of Okawaru (D:12)
  8 entropy weavers
  6 merfolk javelineers
  9 yaktaur captains
  3 shambling mangroves (WizLab)
  5 ice dragons
  A rakshasa (Depths:2)
  3 peacekeepers
  A hell beast (Depths:1)
  4 hydras
  24 vault guards
  5 spriggan air magi
  The ghost of Vade Gum the Slicer, a journeyman DsGl of Uskayaw (Lair:3)
  2 ogre magi
  3 catoblepae
  2 satyrs
  The ghost of Vade the Spear-Bearer, a journeyman DsGl of Hepliaklqana (Lair:3)
  The ghost of Vade the Spear-Bearer, a journeyman DsGl of Hepliaklqana (Lair:3)
  A merfolk avatar (Shoals:3)
  10 two-headed ogres
  5 ironbound frosthearts
  9 centaur warriors
  6 boulder beetles
  The ghost of Etzysuoth the Martial Artist, a journeyman DsWr of Qazlal (D:12)
  An alligator (shapeshifter) (Vaults:5)
  2 radroaches
  A deep troll shaman (Depths:2)
  2 merfolk aquamancers (Shoals:4)
  2 tengu warriors
  2 vampire magi
  10 hell knights
  8 deep troll earth magi
  3 naga sharpshooters (WizLab)
  8 death yaks
  4 orc high priests (Orc:2)
  7 spriggan berserkers
  2 sun demons
  A soul eater (Depths:4)
  A spriggan (Depths:1)
  2 iron trolls
  5 pharaoh ants
  4 sixfirhies
  2 skeletal warriors (D:14)
  2 sun moths
  10 sea snakes
  A flayed ghost (Depths:2)
  56 deep trolls
  3 glowing orange brains
  2 orb spiders
  3 phantasmal warriors
  A deep elf archer (WizLab)
  4 orc knights
  14 harpies
  13 ironbound convokers
  4 deep elf pyromancers
  3 wizards
  8 steelbarb worms
  3 lindwurms
  14 wolf spiders
  An oklob plant (WizLab)
  7 necromancers
  11 cyclopes
  13 manticores
  A mana viper (shapeshifter) (Vaults:3)
  2 orc sorcerers (Orc:2)
  13 fauns
  23 ugly things
  A shadow dragon skeleton (Depths:1)
  7 elephants
  A fire giant zombie (Depths:2)
  5 black mambas
  16 moths of wrath
  6 water nymphs
  8 merfolk sirens
  2 smoke demons
  2 gargoyles
  A rust devil (D:9)
  A hellion (Depths:4)
  A torpor snail (Spider:1)
  3 demonic crawlers
  13 vault sentinels
  Maggie (D:6)
  An unseen horror (D:11)
  6 cane toads
  6 komodo dragons
  4 freezing wraiths
  3 rime drakes
  22 yaktaurs
  A yaktaur (shapeshifter) (Vaults:5)
  2 tengu conjurers (D:14)
  An ice devil (D:9)
  19 merfolk
  A merfolk (shapeshifter) (D:15)
  7 hornets
  7 trolls
  12 tarantellas
  Grinder (D:4)
  7 wind drakes
  8 blink frogs
  2 large abominations
  A polar bear (Lair:4)
  Prince Ribbit (D:6)
  6 snapping turtles
  12 dream sheep
  2 spriggan skeletons
  8 jumping spiders
  A shadow (D:12)
  12 culicivoras
  8 water elementals
  4 wraiths
  3 wyverns
  38 yaks
  4 basilisks
  A neqoxec (Depths:4)
  2 vampire mosquitoes (D:13)
  26 redbacks
  2 wargs
  Menkaure (D:5)
  Edmund (D:5)
  A glowing shapeshifter zombie (Depths:2)
  5 water moccasins
  Duvessa (D:5)
  19 orc warriors
  A black bear (D:11)
  A sky beast (D:7)
  10 wolves
  12 centaurs
  5 ogres
  4 boggarts
  A centaur (shapeshifter) (Vaults:5)
  2 phantoms
  5 kobold brigands
  3 bullfrogs
  5 gnoll sergeants
  2 water moccasin zombies (D:5)
  4 wights
  6 killer bees
  2 battlemagi
  5 hounds
  15 orc priests
  A jelly (D:4)
  A gnoll bouda (D:6)
  Jessica (D:3)
  3 iguanas
  3 scorpion zombies (D:5)
  Natasha (thrice) (D:2)
  16 orc wizards
  A spriggan simulacrum (Lair:4)
  An ancestor (D:5)
  25 gnolls
  3 adders
  A shadow imp (D:8)
  A white imp (Lair:4)
  2 worms
  2 dart slugs
  60 orcs
  8 endoplasms
  2 giant cockroaches
  8 goblins
  5 hobgoblins
  5 jackals
  3 quokkas (D:4)
  6 ball pythons
  6 bats
  A frilled lizard (D:1)
  14 kobolds
  2 rats
  2 briar patches (WizLab)
  A fungus (Spider:4)
  A plant (Shoals:1)
  5 tentacles
1379 creatures vanquished.

Vanquished Creatures (collateral kills)
  4 dread liches
  Tiamat (Depths:4)
  An ancient lich (Zot:5)
  An orb of fire (Zot:5)
  2 juggernauts (Depths:3)
  Boris (twice) (Vaults:4 Vaults:5)
  2 Killer Klowns (Zot:5)
  Bai Suzhen (Vaults:2)
  A pandemonium lord (D:1)
  Xtahua (Depths:4)
  A golden dragon (Zot:5)
  Nikola (Spider:3)
  A tentacled monstrosity (Zot:3)
  A walking crystal tome (Depths:2)
  11 Orb Guardians
  3 liches
  2 quicksilver dragons
  A walking frostbound tome (Depths:3)
  A titan (Vaults:5)
  2 krakens
  5 sphinxes
  3 death cobs
  4 shadow dragons
  2 storm dragons
  A tengu reaver (Vaults:5)
  The ghost of ragingrage the Stormcaller, an adept TeCj of Vehumet (Lair:2)
  7 draconian knights
  5 draconian monks
  Roxanne (Shoals:1)
  2 fenstrider witches (WizLab)
  2 iron dragons
  3 draconian scorchers
  5 fire giants
  An emperor scorpion (Spider:3)
  An orc warlord (Vaults:2)
  6 frost giants
  5 draconian stormcallers (Zot:2)
  10 ghost moths
  3 draconian shifters
  A cacodemon (D:15)
  A balrug (Zot:3)
  7 vault wardens
  7 draconian annihilators
  An angel (D:6)
  3 war gargoyles
  2 broodmothers
  3 very ugly things
  6 ironbound preservers
  4 stone giants
  4 ironbound thunderhulks
  10 black draconians
  5 red draconians
  A deep elf demonologist (Vaults:5)
  2 green draconians
  A vampire knight (Depths:3)
  The ghost of Wav Ivev the Covert, a journeyman KoBr of Uskayaw (Lair:3)
  5 spark wasps
  A yellow draconian (Zot:5)
  11 dire elephants
  4 purple draconians
  11 white draconians
  5 ettins
  2 fire dragons (Depths:3)
  A crystal guardian (Vaults:3)
  2 merfolk impalers (Shoals:4)
  The ghost of Efuan the Cleaver, a journeyman MiFi of Okawaru (D:12)
  6 great orbs of eyes
  3 entropy weavers
  Harold (Lair:1)
  4 yaktaur captains
  3 ice dragons
  A spriggan air mage (Depths:3)
  A peacekeeper (Vaults:4)
  5 vault guards
  4 hydras
  An ogre mage (Vaults:5)
  2 catoblepae (Lair:5)
  3 boulder beetles
  3 radroaches
  5 centaur warriors
  A dancing weapon (D:9)
  A merfolk aquamancer (Shoals:4)
  2 deep troll shamans (Depths:2)
  2 deep troll earth magi
  An ironbound frostheart (Vaults:4)
  A satyr (WizLab)
  2 two-headed ogres (D:15)
  8 death yaks
  A hell hog (Depths:1)
  A tengu warrior (D:9)
  A spriggan berserker (Depths:1)
  2 iron trolls
  Sonja (D:10)
  5 hell knights
  4 sun demons
  A skeletal warrior (D:14)
  2 pharaoh ants
  A sun moth (Spider:3)
  2 sixfirhies (Depths:1)
  2 sea snakes
  25 deep trolls
  A shadow demon (D:1)
  3 glowing orange brains
  A bog body (Lair:4)
  7 steelbarb worms
  A flayed ghost (Depths:3)
  7 orb spiders
  A necromancer (Depths:4)
  4 wizards
  3 lindwurms
  2 orc knights (Vaults:2)
  9 ironbound convokers
  3 deep elf pyromancers
  4 phantasmal warriors
  5 deep elf archers
  A kraken simulacrum (Shoals:4)
  The ghost of Nabski the Destroyer, a novice TeFE of Sif Muna (D:9)
  6 harpies
  6 ugly things
  9 wolf spiders
  3 fauns
  4 elephants
  A shining eye (shapeshifter) (Vaults:5)
  A faun (shapeshifter) (Vaults:4)
  3 large abominations (D:1)
  5 vault sentinels
  13 moths of wrath
  A merfolk siren (Shoals:4)
  4 manticores
  A fire giant skeleton (Depths:1)
  2 ice statues
  7 demonic crawlers
  A smoke demon (D:1)
  3 cane toads
  3 torpor snails
  6 black mambas
  2 rust devils (Depths:4)
  2 water nymphs
  An orange demon (Depths:4)
  A gargoyle (D:10)
  A rime drake (Lair:5)
  A freezing wraith (Vaults:2)
  An efreet (D:14)
  4 komodo dragons
  8 yaktaurs
  A tormentor (D:9)
  2 tengu conjurers
  8 ice devils
  A hellwing (Depths:4)
  3 trolls
  3 merfolk
  A polar bear (Lair:4)
  3 hornets
  4 blink frogs
  8 dream sheep
  11 tarantellas
  A fire giant simulacrum (Depths:2)
  A snapping turtle (Shoals:2)
  6 slime creatures
  14 jumping spiders
  2 spriggans
  A shadow (D:9)
  7 culicivoras
  A water elemental (Depths:4)
  A wraith (D:10)
  24 yaks
  2 wyverns
  A steam dragon (D:7)
  35 redbacks
  A small abomination (D:1)
  A water moccasin (Lair:5)
  A floating eye (Depths:2)
  A sky beast (D:7)
  2 orc warriors
  A black bear (shapeshifter) (Vaults:5)
  2 ogres (D:15)
  A boggart (Vaults:2)
  9 wolves
  3 centaurs
  4 kobold brigands
  2 bullfrogs
  A gnoll sergeant (D:12)
  A necrophage (D:7)
  A two-headed ogre simulacrum (Lair:4)
  A scorpion (D:7)
  18 wights
  Dowan (D:5)
  3 killer bees (D:8)
  2 electric eels (Lair:1)
  9 orc priests
  Terence (D:3)
  12 orc wizards
  7 gnolls
  2 adders
  An ufetubus (D:9)
  A dart slug (D:5)
  28 orcs
  A hobgoblin (D:4)
  A bat (D:3)
  6 kobolds
  3 briar patches (WizLab)
  A bush (WizLab)
  A tentacle (Shoals:4)
741 creatures vanquished.

Vanquished Creatures (others)
  A fire giant (Depths:3)
  A draconian scorcher (Depths:4)
  The ghost of b0rk the Spry, a journeyman DsGl of Hepliaklqana (D:12)
  3 death yaks
  A tengu warrior (D:9)
  A hell knight (Depths:2)
  A wizard (Vaults:4)
  A manticore (Shoals:3)
  A black mamba (Lair:3)
  A rust devil (Depths:4)
  A troll (D:7)
  A polar bear (Lair:4)
  A tarantella (Spider:4)
  3 yaks
  A death yak simulacrum (Lair:4)
  A wolf (Lair:3)
  A wight (D:9)
  An elephant simulacrum (Lair:4)
  73 battlemagi
  An orc wizard (Orc:2)
  5 ufetubi (D:9)
  A quokka (D:3)
  85 ball lightnings
  21 fungi
  56 plants
  18 tentacles
  2 withered plants (Lair:3)
284 creatures vanquished.

Grand Total: 2404 creatures vanquished

Notes
Turn   | Place    | Note
-------+----------+-------------------------------------------
     0 | D:1      | Laraso the Djinni Hedge Wizard began the quest for the Orb.
     0 | D:1      | Laraso set off with the following spells memorised: Magic
                  | Dart, Slow, Blink, Call Imp, Mephitic Cloud.
     0 | D:1      | Reached XP level 1. HP: 15/15 MP: 0/0
   144 | D:1      | Reached XP level 2. HP: 19/21 MP: 0/0
   445 | D:1      | Reached XP level 3. HP: 21/25 MP: 0/0
   445 | D:1      | Learned a level 1 spell: Necrotise
  1165 | D:2      | Reached XP level 4. HP: 14/31 MP: 0/0
  1343 | D:2      | Noticed Natasha
  1349 | D:2      | Killed Natasha
  1488 | D:2      | Noticed Natasha
  1497 | D:2      | Killed Natasha
  1498 | D:2      | Reached XP level 5. HP: 26/35 MP: 0/0
  1498 | D:2      | Learned a level 2 spell: Ensorcelled Hibernation
  1565 | D:2      | Noticed Natasha
  1572 | D:2      | Killed Natasha
  1662 | D:3      | Noticed Jessica
  1669 | D:3      | Killed Jessica
  1746 | D:3      | Reached XP level 6. HP: 33/40 MP: 0/0
  1758 | D:3      | Reached skill level 5 in Spellcasting
  1890 | D:3      | Found a white marble altar of Elyvilon.
  1896 | D:3      | Noticed Terence
  1944 | D:3      | Killed Terence
  2209 | D:3      | Found Zin's Purification Station.
  2213 | D:3      | Found a glowing silver altar of Zin.
  2733 | D:4      | Noticed Grinder
  2741 | D:4      | Reached skill level 1 in Short Blades
  2775 | D:4      | HP: 1/40 [Grinder (6)]
  2950 | D:4      | Killed Grinder
  2951 | D:4      | Reached XP level 7. HP: 13/45 MP: 0/0
  2951 | D:4      | Learned a level 3 spell: Summon Guardian Golem
  3290 | D:4      | Reached skill level 1 in Fighting
  3395 | D:4      | Found a hazy altar of Hepliaklqana.
  3416 | D:4      | Became a worshipper of Hepliaklqana the Forgotten
  3448 | D:4      | Reached XP level 8. HP: 52/54 MP: 0/0
  4261 | D:5      | Entered Level 5 of the Dungeon
  4261 | D:5      | Reached * piety under Hepliaklqana
  4330 | D:5      | Found a stormy altar of Qazlal.
  4362 | D:5      | Noticed Edmund
  4397 | D:5      | Killed Edmund
  4478 | D:5      | Noticed Menkaure
  4485 | D:5      | Noticed Dowan
  4487 | D:5      | Noticed Duvessa
  4491 | D:5      | Killed Menkaure
  4524 | D:5      | Killed Duvessa
  4677 | D:5      | Found a hide-covered altar of Uskayaw.
  4720 | D:5      | Killed Dowan
  4784 | D:5      | Reached XP level 9. HP: 46/54 MP: 0/0
  4784 | D:5      | Learned a level 3 spell: Inner Flame
  5025 | D:5      | Found a basalt altar of Yredelemnul.
  5463 | D:6      | Reached ** piety under Hepliaklqana
  5464 | D:6      | Remembered your ancestor Jane as a battlemage
  5487 | D:6      | Noticed Maggie
  5494 | D:6      | Killed Maggie
  5495 | D:6      | Reached skill level 5 in Stealth
  5544 | D:6      | Reached skill level 5 in Short Blades
  5640 | D:6      | Found Vuruxucw's Neck Hole.
  6204 | D:6      | Found a snail-covered altar of Cheibriados.
  6209 | D:6      | Noticed Prince Ribbit
  6225 | D:6      | Killed Prince Ribbit
  6658 | D:7      | Found a sacrificial altar of Ru.
  6709 | D:7      | Reached *** piety under Hepliaklqana
  6729 | D:7      | Reached XP level 10. HP: 47/60 MP: 0/0
  6740 | D:7      | Reached skill level 1 in Armour
  6859 | D:7      | Found a staircase to the Ecumenical Temple.
  6874 | D:7      | Reached skill level 3 in Dodging
  6895 | D:7      | Reached skill level 4 in Dodging
  6942 | D:7      | Reached skill level 5 in Fighting
  6942 | D:7      | Reached skill level 5 in Dodging
  6942 | D:7      | Reached skill level 1 in Long Blades
  7685 | D:8      | Reached skill level 5 in Long Blades
  7698 | D:8      | Found Rourraixon's Weapon Emporium.
  7811 | D:8      | Reached **** piety under Hepliaklqana
  7889 | D:8      | Reached XP level 11. HP: 60/67 MP: 0/0
  7889 | D:8      | Learned a level 5 spell: Agony
  7898 | D:8      | Noticed a two-headed hydra
  7905 | D:8      | Killed a two-headed hydra
  8121 | D:8      | Found a sparkling altar of Nemelex Xobeh.
  8390 | D:9      | Noticed a two-headed ogre
  8398 | D:9      | Killed a two-headed ogre
  9112 | D:9      | Found a runed translucent door.
  9113 | D:9      | Noticed a +1 mace of chaos
  9118 | D:9      | Found a shimmering altar of Xom.
  9118 | D:9      | Noticed Nabski's ghost (novice TeFE)
  9128 | D:9      | Reached skill level 10 in Long Blades
  9344 | D:9      | Found a runed translucent door.
  9349 | D:9      | Noticed a six-headed hydra
  9445 | D:9      | Noticed a tengu warrior
  9455 | D:9      | Killed a tengu warrior
  9456 | D:9      | Reached XP level 12. HP: 43/72 MP: 0/0
  9586 | D:9      | Killed a +1 mace of chaos
  9588 | D:9      | Killed Nabski's ghost
  9592 | D:9      | Identified the ring "Wuxzitwa" {+Blink rElec rC+ Int+2}
  9657 | D:9      | Noticed a tengu warrior
  9690 | D:9      | Killed a tengu warrior
  9766 | D:9      | Killed a six-headed hydra
  9806 | D:10     | Entered Level 10 of the Dungeon
 10075 | D:10     | Noticed Sonja
 10083 | D:10     | Killed Sonja
 10344 | D:10     | Identified the +1 helmet of the Meadowlark {Int+6}
 10519 | D:11     | Identified a scroll of acquirement
 10519 | D:11     | Acquired a +2 demon blade of venom
 10535 | D:11     | Found a staircase to the Lair.
 10644 | D:11     | Reached ***** piety under Hepliaklqana
 10822 | D:11     | Noticed a centaur warrior
 10922 | Lair:1   | Entered Level 1 of the Lair of Beasts
 11120 | Lair:1   | Noticed Harold
 11137 | Lair:1   | Killed Harold
 11138 | Lair:1   | Reached XP level 13. HP: 76/76 MP: 0/0
 11138 | Lair:1   | Learned a level 5 spell: Alistair's Intoxication
 11631 | Lair:2   | Reached skill level 6 in Dodging
 11854 | Lair:2   | Reached skill level 7 in Dodging
 11905 | Lair:2   | Reached skill level 8 in Dodging
 12118 | Lair:2   | Noticed a catoblepas
 12165 | Lair:2   | Found a transporter.
 12168 | Lair:2   | Noticed ragingrage's ghost (adept TeCj)
 12187 | Lair:2   | Found a transporter.
 12369 | Lair:2   | Noticed a six-headed hydra
 12384 | Lair:2   | Killed a six-headed hydra
 12387 | Lair:2   | Killed a catoblepas
 12518 | Lair:2   | Reached skill level 9 in Dodging
 12690 | Lair:3   | Reached XP level 14. HP: 86/86 MP: 0/0
 12730 | Lair:3   | Reached skill level 10 in Dodging
 12862 | Lair:3   | Found a runed translucent gate.
 12862 | Lair:3   | Found a runed translucent gate.
 12863 | Lair:3   | Found a runed translucent gate.
 12864 | Lair:3   | Noticed Wav Ivev's ghost (journeyman KoBr)
 12865 | Lair:3   | Noticed Vade's ghost (journeyman DsGl)
 12865 | Lair:3   | Noticed Vade Gum's ghost (journeyman DsGl)
 12865 | Lair:3   | Noticed Vade's ghost (journeyman DsGl)
 13141 | Lair:3   | Reached skill level 11 in Dodging
 13293 | Lair:3   | Found a hole to the Spider Nest.
 13689 | Lair:4   | Reached skill level 12 in Dodging
 13830 | Lair:4   | Reached skill level 1 in Invocations
 13867 | Lair:4   | Found a hide-covered altar of Uskayaw.
 13868 | Lair:4   | Found an ornate altar of the Wu Jian Council.
 14089 | Lair:4   | Found a viscous altar of Jiyva.
 14089 | Lair:4   | Found a staircase to the Slime Pits.
 14814 | Lair:5   | Entered Level 5 of the Lair of Beasts
 14836 | Lair:5   | Reached skill level 5 in Invocations
 14947 | Lair:5   | Reached XP level 15. HP: 76/90 MP: 0/0
 14947 | Lair:5   | Learned a level 6 spell: Conjure Ball Lightning
 15401 | Lair:5   | Reached ****** piety under Hepliaklqana
 16313 | D:11     | Found the +12 pair of quick blades "Gyre" and "Gimble"
                  | {protect}
 16420 | D:11     | Found a staircase to the Orcish Mines.
 16440 | D:11     | Reached skill level 10 in Spellcasting
 16870 | D:12     | Found a runed translucent gate.
 16870 | D:12     | Found a runed translucent gate.
 16870 | D:12     | Found a runed translucent gate.
 16870 | D:12     | Noticed yumyumyeen's ghost (journeyman DsFi)
 16870 | D:12     | Noticed Etzysuoth's ghost (journeyman DsWr)
 16870 | D:12     | Noticed Frost42's ghost (journeyman MiFi)
 16872 | D:12     | Noticed b0rk's ghost (journeyman DsGl)
 16872 | D:12     | Noticed Efuan's ghost (journeyman MiFi)
 16906 | D:12     | Identified the +8 plate armour of Mafept {rPois Will+}
 17233 | D:12     | Reached XP level 16. HP: 96/96 MP: 0/0
 17356 | D:12     | Found a frozen archway.
 17584 | D:12     | Killed b0rk's ghost
 17592 | D:12     | Killed Efuan's ghost
 17595 | D:12     | Killed yumyumyeen's ghost
 17608 | D:12     | Killed Frost42's ghost
 17644 | D:12     | Killed Etzysuoth's ghost
 17657 | D:12     | Identified the ring "Gonywe Gonk" {*Corrode rPois EV+5
                  | Dex+2}
 18069 | D:13     | Identified the +2 cloak "Jairea" {rElec}
 18368 | D:13     | Gained mutation: You possess an exceptional clarity of
                  | mind. [potion of mutation]
 18368 | D:13     | Gained mutation: You are occasionally teleported next to
                  | monsters. [potion of mutation]
 18368 | D:13     | Gained mutation: You expend health (3 HP) to strengthen
                  | your wands. [potion of mutation]
 18369 | D:13     | Lost mutation: You possess an exceptional clarity of mind.
                  | [potion of mutation]
 18369 | D:13     | Lost mutation: You are occasionally teleported next to
                  | monsters. [potion of mutation]
 18369 | D:13     | Lost mutation: You expend health (3 HP) to strengthen your
                  | wands. [potion of mutation]
 18369 | D:13     | Gained mutation: Your body sometimes deteriorates upon
                  | taking damage. [potion of mutation]
 18369 | D:13     | Gained mutation: Your flesh is almost immune to the effects
                  | of heat. (rF+++) [potion of mutation]
 18369 | D:13     | Gained mutation: You are somewhat resistant to further
                  | mutation. [potion of mutation]
 18370 | D:13     | Lost mutation: Your flesh is almost immune to the effects
                  | of heat. (rF+++) [potion of mutation]
 18370 | D:13     | Lost mutation: Your body sometimes deteriorates upon taking
                  | damage. [potion of mutation]
 18370 | D:13     | Lost mutation: You are somewhat resistant to further
                  | mutation. [potion of mutation]
 18370 | D:13     | Gained mutation: You are agile. (Dex +4, Str/Int -1)
                  | [potion of mutation]
 18615 | Orc:1    | Entered Level 1 of the Orcish Mines
 18633 | Orc:1    | Found Hoph's Weapon Boutique.
 18922 | Orc:2    | Entered Level 2 of the Orcish Mines
 18922 | Orc:2    | Found Xexzoof's Jewellery Boutique.
 18954 | Orc:2    | Found Xoso's Antique Armour Shoppe.
 19091 | Orc:2    | Found Wuih's Armour Emporium.
 19091 | Orc:2    | Found Rebaw's Distillery.
 19144 | Orc:2    | Found Hijear's Armour Emporium.
 19145 | Orc:2    | Found Wuuni's Weapon Shoppe.
 19169 | Orc:2    | Bought 2 potions of berserk rage for 150 gold pieces
 19332 | Orc:2    | Found a staircase to the Elven Halls.
 19998 | D:14     | Reached skill level 10 in Fighting
 20061 | D:14     | Found a gate to the Vaults.
 20336 | D:15     | Entered Level 15 of the Dungeon
 20465 | D:15     | Found a burning altar of Makhleb.
 20603 | D:15     | Found a staircase to the Depths.
 20733 | D:15     | Reached XP level 17. HP: 108/108 MP: 0/0
 20733 | D:15     | Learned a level 6 spell: Death Channel
 21478 | Spider:1 | Entered Level 1 of the Spider Nest
 21587 | Shoals:1 | Entered Level 1 of the Shoals
 21637 | Shoals:1 | Identified the ring "Ereusyex" {Fire Fly rCorr Stlth+}
 21756 | Shoals:1 | Found Ruerraq's Distillery.
 21764 | Shoals:1 | Bought a potion of mutation for 144 gold pieces
 21764 | Shoals:1 | Bought a potion of mutation for 144 gold pieces
 22031 | Shoals:1 | Reached skill level 13 in Dodging
 22122 | Shoals:1 | Identified Roxanne's Papyrus of Shapes
 22122 | Shoals:1 | Noticed Roxanne
 22231 | Shoals:1 | Killed Roxanne
 22605 | Shoals:2 | Reached skill level 14 in Dodging
 22690 | Shoals:2 | Identified the +1 ring mail "Acheat" {rCorr Int+2 Slay-5}
 22841 | Shoals:2 | Noticed Ilsuiw
 22860 | Shoals:2 | Killed Ilsuiw
 22863 | Shoals:2 | HP: 5/110 [merfolk impaler/+0 trident of freezing[Ilsuiw]
                  | (15)]
 22991 | Shoals:1 | Bought a potion of heal wounds for 90 gold pieces
 22991 | Shoals:1 | Bought a potion of resistance for 180 gold pieces
 23149 | Shoals:2 | Reached skill level 15 in Dodging
 23150 | Shoals:2 | Noticed a kraken
 23166 | Shoals:2 | Killed a kraken
 23452 | Shoals:3 | Noticed Louise
 23464 | Shoals:3 | Killed Louise
 23772 | Shoals:3 | Reached skill level 16 in Dodging
 23895 | Shoals:3 | Reached XP level 18. HP: 112/117 MP: 0/0
 24061 | Shoals:3 | Noticed a kraken
 24190 | Shoals:3 | Killed a kraken
 24191 | Shoals:3 | Reached skill level 5 in Armour
 24304 | Shoals:4 | Entered Level 4 of the Shoals
 24540 | Shoals:4 | Got a barnacled rune of Zot
 24623 | Shoals:4 | Identified the +4 leather armour of Resilience {Rampage rF-
                  | Str+2}
 24769 | Shoals:4 | Acquired 763 gold pieces
 24821 | Shoals:4 | Reached skill level 10 in Stealth
 24835 | Shoals:4 | Identified the +1 hat "Foagg" {rPois rCorr Stlth-}
 25246 | Shoals:4 | Noticed a kraken
 25253 | Shoals:4 | Killed a kraken
 25806 | Spider:1 | Identified the +3 falchion "Spiderbane" {freeze, rElec
                  | rPois rF+++ Dex-3}
 26012 | Spider:1 | Reached skill level 1 in Evocations
 26192 | Spider:2 | Reached XP level 19. HP: 121/121 MP: 0/0
 26192 | Spider:2 | Learned a level 6 spell: Statue Form
 26904 | Spider:3 | Noticed Nikola
 26909 | Spider:3 | Noticed Arachne
 26911 | Spider:3 | Reached skill level 5 in Evocations
 27051 | Spider:3 | Reached skill level 10 in Invocations
 27115 | Spider:3 | Killed Nikola
 27136 | Spider:3 | Killed Arachne
 27455 | Spider:4 | Entered Level 4 of the Spider Nest
 27972 | Spider:4 | Identified the ring "Kucy" {Fly rElec rPois rF+ Str+4}
 28024 | Spider:4 | Reached XP level 20. HP: 126/126 MP: 0/0
 28239 | Spider:4 | Got a gossamer rune of Zot
 28679 | Vaults:1 | Entered Level 1 of the Vaults
 29155 | Vaults:1 | Identified the amulet of the Open Hand {rElec Regen+ Int+5
                  | Dex-4 SInv}
 30114 | Vaults:2 | Reached XP level 21. HP: 89/135 MP: 0/0
 30114 | Vaults:2 | Learned a level 8 spell: Disjunction
 30173 | Vaults:2 | Noticed Bai Suzhen
 30199 | Vaults:2 | Killed Bai Suzhen
 30616 | Vaults:2 | Reached skill level 15 in Fighting
 31156 | Vaults:2 | Found a staircase to the Crypt.
 32078 | Vaults:3 | Found Cikh's Antique Weapon Emporium.
 32090 | Vaults:3 | Reached XP level 22. HP: 150/150 MP: 0/0
 32543 | Vaults:4 | Found a magical portal.
 32552 | WizLab   | Entered Eringya's Formal Garden
 32759 | WizLab   | Found a blossoming altar of Fedhas.
 32980 | WizLab   | Reached skill level 15 in Spellcasting
 33515 | Vaults:4 | Noticed Boris
 33531 | Vaults:4 | Killed Boris
 33894 | Vaults:4 | Reached XP level 23. HP: 117/157 MP: 0/0
 33894 | Vaults:4 | Learned a level 7 spell: Summon Hydra
 34287 | Vaults:4 | Noticed a golden dragon
 34287 | Vaults:4 | Noticed a dread lich
 34392 | Vaults:4 | Killed a golden dragon
 34528 | Vaults:5 | Entered Level 5 of the Vaults
 34552 | Vaults:5 | Noticed Boris
 34781 | Vaults:4 | HP: 6/157 [quicksilver dragon (4)]
 34797 | Vaults:4 | HP: 6/204 [ironbound preserver/+0 great mace (17)]
 34826 | Vaults:4 | Killed a dread lich
 35462 | Vaults:5 | Identified the +8 morningstar "Dofohol" {holy, rF+ rN+
                  | Int+3 Dex+5}
 35697 | Vaults:5 | Noticed an ancient lich
 35707 | Vaults:5 | Killed an ancient lich
 35708 | Vaults:5 | Reached skill level 17 in Dodging
 35716 | Vaults:5 | Reached XP level 24. HP: 152/162 MP: 0/0
 35861 | Vaults:5 | Identified the +3 long sword "Egozuiga" {heavy, rElec rPois
                  | Str-3}
 35907 | Vaults:5 | Found the +1 cloak of Starlight {*Dazzle EV+4 Stlth--}
 35921 | Vaults:5 | Got a silver rune of Zot
 35991 | Vaults:5 | Reached skill level 18 in Dodging
 36072 | Vaults:5 | Killed Boris
 36194 | Vaults:5 | Identified the +11 lajatang "Nenimato" {flame, rPois rN+
                  | Dex-2 Stlth+}
 36219 | Vaults:5 | Noticed an ancient lich
 36337 | Vaults:5 | Killed an ancient lich
 37091 | Vaults:5 | Found Epsintul's Distillery.
 37373 | Depths:1 | Entered Level 1 of the Depths
 37374 | Depths:1 | Upgraded the game from 0.30-a0-722-g3e6e8c874d to
                  | 0.30-a0-723-gc1506a1cf0
 37425 | Depths:1 | Found a broken altar of Ashenzari.
 37498 | Depths:1 | Noticed Saint Roka
 37513 | Depths:1 | Killed Saint Roka
 37692 | Depths:1 | Found a gateway to Hell.
 38271 | Depths:2 | Found a one-way gate leading to the halls of Pandemonium.
 38421 | Depths:2 | Reached skill level 19 in Dodging
 38550 | Depths:2 | Found a one-way gate to the infinite horrors of the Abyss.
 38674 | Depths:2 | Noticed a golden dragon
 38678 | Depths:2 | Reached XP level 25. HP: 168/168 MP: 0/0
 38678 | Depths:2 | Learned a level 8 spell: Necromutation
 38687 | Depths:2 | Reached skill level 20 in Dodging
 38972 | Depths:2 | Paralysed by a floating eye for 3 turns
 39350 | Depths:2 | Reached skill level 21 in Dodging
 39849 | Depths:3 | Found a stormy altar of Qazlal.
 39856 | Depths:3 | Found a one-way gateway to a ziggurat.
 39931 | Depths:3 | Found a runed translucent door.
 39932 | Depths:3 | Noticed Legacy's ghost (veteran MiBe)
 40088 | Depths:3 | Noticed a caustic shrike
 40088 | Depths:3 | Noticed a caustic shrike
 40090 | Depths:3 | Noticed a caustic shrike
 40092 | Depths:3 | Noticed a caustic shrike
 40391 | Depths:3 | Reached skill level 22 in Dodging
 40442 | Depths:3 | Killed a caustic shrike
 40444 | Depths:3 | Killed a caustic shrike
 40444 | Depths:3 | Killed a caustic shrike
 40450 | Depths:3 | Killed a caustic shrike
 41009 | Depths:3 | Acquired 747 gold pieces
 41019 | Depths:3 | Noticed a juggernaut
 41024 | Depths:3 | Killed a juggernaut
 41025 | Depths:3 | Reached skill level 23 in Dodging
 41079 | Depths:3 | Noticed a juggernaut
 41085 | Depths:3 | Killed a juggernaut
 41195 | Depths:3 | Reached XP level 26. HP: 159/173 MP: 0/0
 41597 | Depths:4 | Entered Level 4 of the Depths
 41662 | Depths:4 | Reached skill level 24 in Dodging
 41760 | Depths:4 | Found an ornate altar of the Wu Jian Council.
 41821 | Depths:4 | Noticed Xtahua
 41826 | Depths:4 | Killed Xtahua
 42229 | Depths:4 | Found Imesezxi's Book Emporium.
 42230 | Depths:4 | Found Naciel Zosyc's Jewellery Shop.
 42230 | Depths:4 | Found Nilaor's Jewellery Shop.
 42276 | Depths:4 | Bought the ring "Rysch" {rF+ rC+ Str+5} for 792 gold pieces
 42341 | Depths:4 | Reached skill level 25 in Dodging
 42365 | Depths:4 | Found a gate to the Realm of Zot.
 42408 | Depths:4 | Identified the +3 mace "Undertaker" {flame, Contam +Blink
                  | rElec Dex+2}
 42705 | Zot:1    | Entered Level 1 of the Realm of Zot
 43000 | Zot:1    | Found the +4 dragonskin cloak
 43000 | Zot:1    | Noticed Tiamat
 43205 | Depths:4 | Killed Tiamat
 43289 | Zot:1    | Reached skill level 26 in Dodging
 44188 | Lair:3   | Killed Wav Ivev's ghost
 44190 | Lair:3   | Killed Vade's ghost
 44196 | Lair:3   | Killed Vade's ghost
 44198 | Lair:3   | Killed Vade Gum's ghost
 44304 | Lair:2   | Identified the ring "Virisith" {rCorr Int+3}
 44304 | Lair:2   | Killed ragingrage's ghost
 44305 | Lair:2   | Reached XP level 27. HP: 177/179 MP: 0/0
 44305 | Lair:2   | Learned a level 9 spell: Polar Vortex
 44433 | Shoals:1 | Bought a potion of cancellation for 144 gold pieces
 44433 | Shoals:1 | Bought a potion of curing for 54 gold pieces
 44433 | Shoals:1 | Bought a potion of attraction for 54 gold pieces
 44433 | Shoals:1 | Bought a potion of might for 72 gold pieces
 44580 | Orc:2    | Bought a potion of mutation for 120 gold pieces
 44580 | Orc:2    | Bought 2 potions of might for 120 gold pieces
 44580 | Orc:2    | Bought a potion of lignification for 45 gold pieces
 44580 | Orc:2    | Bought 2 potions of curing for 90 gold pieces
 44580 | Orc:2    | Bought a potion of lignification for 45 gold pieces
 44580 | Orc:2    | Bought a potion of berserk rage for 75 gold pieces
 44580 | Orc:2    | Bought a potion of lignification for 45 gold pieces
 44580 | Orc:2    | Bought a potion of cancellation for 120 gold pieces
 44876 | D:3      | Bought 2 potions of curing for 180 gold pieces
 45363 | Vaults:5 | Bought a potion of berserk rage for 75 gold pieces
 45363 | Vaults:5 | Bought a potion of berserk rage for 75 gold pieces
 45363 | Vaults:5 | Bought a potion of curing for 45 gold pieces
 45363 | Vaults:5 | Bought a potion of lignification for 45 gold pieces
 45363 | Vaults:5 | Bought a potion of curing for 45 gold pieces
 45363 | Vaults:5 | Bought a potion of cancellation for 120 gold pieces
 45363 | Vaults:5 | Bought a potion of lignification for 45 gold pieces
 45363 | Vaults:5 | Bought a potion of mutation for 120 gold pieces
 47073 | Zot:2    | Found a runed translucent gate.
 47073 | Zot:2    | Found a runed translucent gate.
 47073 | Zot:2    | Found a runed translucent gate.
 47096 | Zot:2    | Reached skill level 27 in Dodging
 47335 | Zot:2    | Noticed Ofiett's ghost (veteran TrCK)
 47335 | Zot:2    | Noticed an orb of fire
 47335 | Zot:2    | Identified the +1 cloak "Maotu" {rF+}
 48301 | Zot:4    | Noticed a Killer Klown
 48307 | Zot:4    | Killed a Killer Klown
 49436 | Zot:5    | Entered Level 5 of the Realm of Zot
 49592 | Zot:5    | Noticed a Killer Klown
 49610 | Zot:5    | Killed a Killer Klown
 51020 | Zot:5    | Noticed a dread lich
 51022 | Zot:5    | Killed a dread lich
 51076 | Zot:5    | Noticed a dread lich
 51076 | Zot:5    | Noticed an orb of fire
 51086 | Zot:5    | Noticed a Killer Klown
 51091 | Zot:5    | Killed a dread lich
 51091 | Zot:5    | Noticed a Killer Klown
 51312 | Zot:5    | Killed an orb of fire
 51335 | Zot:5    | Killed a Killer Klown
 51374 | Zot:5    | Noticed a dread lich
 51385 | Zot:5    | Killed a dread lich
 51393 | Zot:5    | Killed a Killer Klown
 51536 | Zot:5    | Noticed an orb of fire
 51539 | Zot:5    | Noticed a dread lich
 51540 | Zot:5    | Noticed a Killer Klown
 51542 | Zot:5    | Killed an ancient lich
 51543 | Zot:5    | Killed an orb of fire
 51546 | Zot:5    | Killed a dread lich
 51563 | Zot:5    | Killed a Killer Klown
 51566 | Zot:5    | Got the Orb of Zot
 51643 | Zot:5    | Noticed Ele Ehue the pandemonium lord
 51643 | Zot:5    | Noticed an ancient lich
 52124 | D:11     | Noticed a seraph
 52331 | D:3      | Noticed Efeselez the pandemonium lord
 52389 | D:1      | Noticed Omimiff the pandemonium lord
 52392 | D:1      | Killed Omimiff the pandemonium lord
 52409 | D:$      | Escaped with the Orb!

Illustrated notes

Levels and vault maps discovered:
D:1:      psy_arrival_statuary, layout_basic
D:2:      layout_basic, uniq_natasha
D:3:      layout_loops_ring, elyvilon_altar_4, zin_purify,
          minmay_misc_feat_alley, chequers_serial_rivers_micro_b,
          minmay_misc_feat_pillars, uniq_terence, uniq_jessica
D:4:      layout_basic, nicolae_hepliaklqana_hazy_memory,
          minmay_increasing_density, uniq_grinder
D:5:      layout_basic, nicolae_yredelemnul_corpse_copse,
          nicolae_uskayaw_suspiria, kennysheep_mini_moat, uniq_edmund,
          uniq_menkaure, uniq_duvessa
D:6:      layout_gridville, mainiacjoe_overflow_concentric_impassable,
          serial_co_window_serial, co_window_paths_a, co_window_paths_a,
          co_window_paths_a, co_window_corner_a, co_window_of_opportunity_a,
          co_window_corner_a, co_window_of_opportunity_a, co_window_paths_b,
          co_window_of_opportunity_a, co_window_unsneaky_path_e,
          co_window_broadway_b, co_window_corner_cb, co_window_corner_ca,
          co_window_cross_3, dk_noncrumbling_4, minmay_misc_feat_roman,
          nicolae_shop_sticking_my_neck_out, uniq_maggie, uniq_prince_ribbit1
D:7:      layout_cave_pools, hangedman_ru_absence,
          minmay_temple_entry_statues_pillars
D:8:      layout_loops_corners, nicolae_kikubaaqudgha_miasma_corner,
          nemelex_diamond_rough_becter, serial_shops,
          nicolae_shop_bloodbath_and_beyond, grunt_decor_one_mirror,
          hangedman_ranch
D:9:      cheibrodos_frozen_isle, layout_gridville, ebering_ghost_xom,
          minivault_13
D:10:     layout_roguey, minmay_misc_feat_doors,
          nicolae_concentric_dashed_squares_mild, uniq_sonja
D:11:     minmay_clustersquares, layout_gridville, david_lair_generic,
          kennysheep_orc_monster_closet_entryway,
          hellmonk_guarded_unrand_gyre_and_gimble
D:12:     layout_basic, portal_ice_cave_rime, gammafunk_ghost_cemetery,
          kennysheep_decorative_pillar
D:13:     layout_irregular_city, nicolae_straight_to_the_point
D:14:     layout_basic, david_vaults_2, nzn_life_drinkers
D:15:     gammafunk_enter_depths_forms, layout_basic, minivault_24,
          makhleb_altar_promises_db
Lair:1:   layout_misc_corridors, serial_bayou_shore_a, lemuel_fruit_tree,
          infiniplex_staircase_pool_2, uniq_harold
Lair:2:   layout_loops_ring, nicolae_shoals_entry_flooding,
          gammafunk_ghost_berserking_beasts, chequers_serial_rivers_micro_a
Lair:3:   layout_misc_corridors, dummy_spider_entry, gammafunk_ghost_cemetery
Lair:4:   dreamdust_isle_of_ice, layout_loops_ring, dpeg_slime_entry_enclosed,
          columned_hall_lemuel, nzn_masters_of_martial_movement
Lair:5:   evilmike_catoblepas_cave, layout_cellular_growth, grunt_megastairs_3
Shoals:1: layout_shoals, serial_shops, nicolae_lakefront_shop, uniq_roxanne
Shoals:2: layout_shoals, nicolae_shoals_arrival_archipelago, uniq_ilsuiw
Shoals:3: layout_shoals, uniq_louise
Shoals:4: shoals_end_grunt_ice, layout_shoals, nicolae_shoals_isolated_beach
Spider:1: nicolae_spider_obnoxious_hallway
Spider:2: layout_spider_delve
Spider:3: layout_spider_delve, uniq_arachne, uniq_nikola
Spider:4: grunt_spider_rune_parallel, spiders_nest_spider_trap
Orc:1:    layout_caves, serial_shops, nicolae_diamond_shop
Orc:2:    st_orc_mages, layout_caves, serial_shops,
          nicolae_shop_overgrown_old_shop, shop
Vaults:1: vaults_room_grunt_arrival_ludios, vaults_room_door_ring,
          vaults_room_corners, grunt_vaults_hallway_short,
          ontoclasm_vaults_claustrophobia, hangedman_vaults_corner_blocks,
          hangedman_vaults_pinch, vaults_mumra_minichess_inversion,
          nicolae_vaults_big_ls, ontoclasm_vaults_loading_screen,
          nicolae_vaults_little_ls, layout_vaults_ring
Vaults:2: minmay_crypt_entry_simple_walls, v_misc_22, grunt_vaults_twisty,
          serial_ice_m, vaults_room_door_hall, nicolae_vaults_network_periphery,
          vaults_room_octagon, nicolae_vaults_specimen_jars, v_misc_12,
          nicolae_vaults_little_squares_1, v_misc_27,
          ontoclasm_vaults_decontamination, nicolae_vaults_little_squares_1,
          vaults_room_hallway, vaults_room_fours, layout_vaults_omnicross,
          uniq_bai_suzhen
Vaults:3: v_misc_26, grunt_vaults_hallway_short,
          nicolae_vaults_little_squares_6, st_octagons_1,
          nicolae_vaults_inception_scallops, nicolae_vaults_network_star,
          vaults_standard_mumra_lines, nicolae_vaults_hallways_thing, v_misc_3,
          nicolae_vaults_circle_grid_a, layout_vaults_omnibox, serial_shops,
          nicolae_square_shop
Vaults:4: mu_enter_wizlab_4, hangedman_vaults_nodes, hangedman_vaults_nails,
          ontoclasm_vaults_eye, vaults_dpeg_ring, v_misc_28,
          grunt_vaults_hallway_short, vaults_room_semicircle,
          ontoclasm_vaults_chip, grunt_vaults_diagonal,
          nicolae_vaults_twisting_passages, dpeg_vaults_pockets_of_resistance,
          v_misc_25, layout_vaults_big_room, uniq_boris
Vaults:5: serial_shops
Depths:1: layout_roguey, grunt_mini_vestibule, hangedman_decor_push,
          nicolae_ashenzari_panopticon, uniq_saint_roka
Depths:2: grunt_arcs, layout_honeycomb, hell_entry, pan_entry,
          minmay_misc_feat_tower, abyss_entry, minmay_pinched_square
Depths:3: grunt_twisty_corner, layout_cave_shapes, enter_ziggurat_f,
          grunt_qazlal_clouds, ebering_ghost_reflecting_pool, abyss_entry,
          pan_entry, pf_coc_iceberg, infiniplex_staircase_spiral
Depths:4: evilmike_zot_entry_basic, layout_gridlike, grunt_pan_entry_sceptre,
          nicolae_wu_jian_wuxing_cycle, hell_entry, minmay_shop_grove,
          uniq_xtahua
Zot:1:    layout_misc_corridors, uniq_tiamat
Zot:2:    lemuel_draconian_sentries, layout_gridlike,
          gammafunk_ghost_tricky_traps
Zot:3:    layout_misc_corridors
Zot:4:    layout_onion_interference, grunt_megastairs_5
Zot:5:    layout_gridlike

Skill      XL: |  1  2  3  4  5  6  7  8  9 10 11 12 13 14 15 16 17 18 19 20 21 22 23 24 25 26 27 |
---------------+----------------------------------------------------------------------------------+-----
Spellcasting   | 3 4 5 6 7 8 10 12 14 16 18 20 | 20.0
Short Blades   | 3 4 6 |  6.0
Fighting       | 2 3 5 7 11 12 13 17 18 22 | 22.8
Stealth        | 4 6 8 12 | 12.0
Armour         | 2 3 4 6 |  6.0
Dodging        | 5 9 12 16 17 19 23 26 27 | 27.0
Long Blades    | 5 10 13 | 13.4
Invocations    | 5 8 12 14 | 14.0
Evocations     | 3 8 |  8.0

Action                     |  1- 3 |  4- 6 |  7- 9 | 10-12 | 13-15 | 16-18 | 19-21 | 22-24 | 25-27 || total
---------------------------+-------+-------+-------+-------+-------+-------+-------+-------+-------++-------
  Melee: Dagger            |     5 |   117 |   271 |   207 |   405 |       |       |       |       ||  1005
         Punch             |       |     3 |     2 |     4 |    11 |       |       |       |       ||    20
         Scimitar          |       |       |       |    17 |       |       |       |       |       ||    17
         Demon blade       |       |       |       |    12 |    59 |       |       |    16 |    47 ||   134
         Pair of quick bla |       |       |       |       |   113 |   878 |   694 |   891 |  1396 ||  3972
         Great sword       |       |       |       |       |       |       |       |       |    29 ||    29
   Cast: Magic Dart        |    50 |       |     3 |     3 |     1 |       |       |       |       ||    57
         Slow              |    29 |    17 |    31 |    15 |    11 |     2 |       |       |       ||   105
         Necrotise         |     4 |     8 |       |       |     1 |       |       |       |       ||    13
         Mephitic Cloud    |     2 |    20 |    38 |    54 |   115 |    46 |     5 |     1 |       ||   281
         Call Imp          |       |     4 |     4 |    17 |    17 |     2 |       |       |       ||    44
         Ensorcelled Hiber |       |     2 |     3 |     9 |    20 |     8 |     1 |       |       ||    43
         Summon Guardian G |       |       |     1 |    16 |    24 |     6 |     3 |     5 |     1 ||    56
         Blink             |       |       |       |     1 |     4 |     3 |     1 |       |     3 ||    12
         Inner Flame       |       |       |       |       |     1 |       |     1 |     1 |       ||     3
         Agony             |       |       |       |       |     1 |     1 |       |       |       ||     2
         Conjure Ball Ligh |       |       |       |       |     5 |    12 |     3 |       |    11 ||    31
         Alistair's Intoxi |       |       |       |       |     1 |    22 |    10 |     9 |    42 ||    84
         Death Channel     |       |       |       |       |       |    16 |    43 |    31 |    26 ||   116
         Statue Form       |       |       |       |       |       |       |    56 |    39 |    74 ||   169
         Summon Hydra      |       |       |       |       |       |       |       |     6 |     1 ||     7
         Necromutation     |       |       |       |       |       |       |       |       |     5 ||     5
         Disjunction       |       |       |       |       |       |       |       |       |     5 ||     5
 Invoke: Ancestor Identity |       |       |     1 |       |       |       |       |       |       ||     1
         Ancestor Life: Ba |       |       |     1 |       |       |       |       |       |       ||     1
         Recall Ancestor   |       |       |       |     3 |     4 |     2 |       |     3 |    13 ||    25
         Idealise          |       |       |       |       |       |       |       |       |     1 ||     1
Ability: End Transformatio |       |       |       |       |       |       |       |     1 |     8 ||     9
  Evoke: Wand              |       |     2 |       |       |       |       |       |       |     4 ||     6
    Use: Scroll            |     1 |     7 |     6 |     8 |    12 |    10 |     4 |    11 |    17 ||    76
         Potion            |       |       |     1 |     1 |       |     6 |     1 |    11 |     2 ||    22
   Stab: Confused          |     1 |     7 |    19 |    31 |    92 |    60 |    11 |     6 |    25 ||   252
         Sleeping          |       |     3 |     2 |     3 |    12 |    12 |     5 |     4 |     7 ||    48
         Invisible         |       |     1 |       |       |       |       |       |     2 |       ||     3
         Distracted        |       |       |     1 |     1 |     5 |    16 |    24 |    34 |    35 ||   116
         Paralysed         |       |       |       |       |       |       |       |       |     3 ||     3
 Armour: Robe              |     7 |    20 |       |       |       |       |       |       |       ||    27
         Leather armour    |       |       |    76 |    44 |       |       |       |       |       ||   120
         Troll leather arm |       |       |       |     8 |    91 |   172 |    32 |    34 |    42 ||   379
         Skin              |       |       |       |       |       |       |   266 |   266 |   338 ||   870
  Dodge: Dodged            |     2 |    50 |   102 |    93 |   255 |   489 |   779 |   804 |  1724 ||  4298
         Repelled          |       |       |       |       |       |       |     2 |    14 |    55 ||    71

Table legend: (Time is in decaauts)
 A = Elapsed time spent in this place.
 B = Non-inter-level travel time spent in this place.
 C = Inter-level travel time spent in this place.
 D = Time resting spent in this place.
 E = Time spent auto-exploring this place.
 F = Levels seen in this place.
 G = Mean time per level.
                   A        B        C        D        E       F      G
               +--------+--------+--------+--------+--------+-----+--------+
         Total |  53642 |  46919 |   6723 |   5541 |  26673 |  45 | 1192.0 |
       Dungeon |  16500 |  13909 |   2591 |   1002 |   9586 |  15 | 1100.0 |
          Lair |   5841 |   4994 |    847 |    472 |   2963 |   5 | 1168.2 |
        Shoals |   3675 |   3315 |    360 |    167 |   1969 |   4 |  918.8 |
   Spider Nest |   3196 |   2915 |    281 |    144 |   1529 |   4 |  799.0 |
  Orcish Mines |   1079 |    954 |    125 |      0 |    769 |   2 |  539.5 |
        Vaults |   9578 |   8088 |   1490 |    971 |   4748 |   5 | 1915.6 |
        Depths |   7015 |   6417 |    598 |   1630 |   2806 |   4 | 1753.8 |
           Zot |   6079 |   5651 |    428 |   1153 |   1904 |   5 | 1215.8 |
        Wizlab |    675 |    675 |      0 |      0 |    398 |   1 |  675.0 |
               +--------+--------+--------+--------+--------+-----+--------+

Top non-repeatable levels by time:
Vaults:4: 2499 daAuts
Depths:2: 2355 daAuts
Vaults:5: 2062 daAuts
Depths:4: 1956 daAuts
Vaults:2: 1795 daAuts
Vaults:3: 1694 daAuts
   Zot:2: 1610 daAuts
Vaults:1: 1527 daAuts
Depths:3: 1508 daAuts
     D:4: 1404 daAuts
     D:9: 1401 daAuts
    D:15: 1398 daAuts
    D:11: 1382 daAuts
   Zot:5: 1378 daAuts
     D:3: 1348 daAuts
